 Dungeon Crawl Stone Soup version 0.31-a0-986-g5e6e4ef867 (webtiles) character file.

Game seed: 16767079473003326883

3 zenocrate the Chiller (level 1, 0/10 HPs)
             Began as a Kobold Ice Elementalist on Nov 13, 2023.
             Slain by an endoplasm (1 damage)
             ... on level 1 of the Dungeon.
             The game lasted 00:00:30 (122 turns).

zenocrate the Chiller (Kobold Ice Elementalist)      Turns: 122, Time: 00:00:31

Health: 0/10       AC:  2    Str:  5    XL:     1   Next: 55%
Magic:  0/3        EV: 15    Int: 16    God:
Gold:   12         SH:  0    Dex: 15    Spells: 3/4 levels left

rFire   . . .        a - +0 short sword
rCold   . . .        (no shield)
rNeg    . . .        c - +0 robe
rPois   .            (no helmet)
rElec   .            (no cloak)
rCorr   .            (no gloves)
SInv    .            (no boots)
Will    .....        (no amulet)
Stlth   +++          (no ring)
HPRegen 0.21/turn    (no ring)
MPRegen 0.08/turn

%: no passive effects
@: no status effects
A: small, no large weapons, nightstalker 3
a: no special abilities


You were on level 1 of the Dungeon.
You visited 1 branch of the dungeon, and saw 1 of its levels.

You collected 12 gold pieces.

Inventory:

Hand Weapons
 a - a +0 short sword (weapon)
Armour
 c - a +0 robe (worn)
Potions
 b - a potion of magic


   Skills:
 - Level 2.4 Dodging
 + Level 3.2 Stealth
 - Level 2.1 Spellcasting
 - Level 4.0 Ice Magic


You had 3 spell levels left.
You knew the following spells:

 Your Spells              Type           Power      Damage    Failure   Level
a - Freeze                Ice            56%        1d7       4%          1

Your spell library contained the following spells:

 Spells                   Type           Power      Damage    Failure   Level
 Frozen Ramparts          Ice            28%        1d5       12%         3
 Ozocubu's Armour         Ice            14%        N/A       12%         3
 Summon Ice Beast         Ice/Summ       8%         N/A       65%         4


Dungeon Overview and Level Annotations

Branches:
Dungeon (1/15)

Altars:


Innate Abilities, Weirdness & Mutations

You are small and have problems with some larger weapons.
You are completely attuned to the shadows.


Message History

You freeze the kobold.
You kill the kobold!
Unknown command.
You hit the endoplasm but do no damage. The endoplasm freezes you.
You are frozen.
Ouch! That really hurt!
* * * LOW HITPOINT WARNING * * *
Unknown command.
Unknown command.
Unknown command.
Things that are here:
a +0 short sword; a stone; a kobold corpse
c - a +0 short sword A quokka comes into view.
Unknown command.
Adjust (i)tems, (s)pells, or (a)bilities?
c - a +0 short sword Adjust to which letter? (? for menu, Esc to quit)
a - a +0 short sword;
c - a +0 robe (worn)
a - a +0 short sword (weapon)
The endoplasm closely misses you.
Casting: Freeze (safe; 4% risk of failure)
Confirm with . or Enter, or press ? or * to list all spells.
Aiming: Freeze (safe; 4% risk of failure)
Press: ? - help, Shift-Dir - straight line, f - endoplasm
Aim: an endoplasm You freeze the endoplasm.
The endoplasm is lightly wounded.
The endoplasm freezes you.
You are frozen.
* * * LOW HITPOINT WARNING * * *
You completely miss the endoplasm.
The endoplasm is lightly wounded.
The endoplasm closely misses you.
Unknown command.
You completely miss the endoplasm.
The endoplasm is lightly wounded.
The endoplasm hits you.
You die...

##..
.........
.....
.....#.##
#..####?..#.#
###.[......(#
#
...........##
..#..###.†.#
#.#..# #.#.##
.$...###.....
#.....@J.###?
## ..#.###r.#
.. ###. #..#
## #. .....
## ## #.#.#
.. ##


You could see an endoplasm and a quokka.

Vanquished Creatures
  A hobgoblin (D:1)
  A kobold (D:1)
  A frilled lizard (D:1)
3 creatures vanquished.

Notes
Turn   | Place    | Note
-------+----------+-------------------------------------------
     0 | D:1      | zenocrate the Kobold Ice Elementalist began the quest for
                  | the Orb.
     0 | D:1      | Reached XP level 1. HP: 10/10 MP: 3/3
   122 | D:1      | Slain by an endoplasm

Illustrated notes

Levels and vault maps discovered:
D:1:      amcnicky_arrival_choice, layout_loops_ring

Skill      XL: |  1 |
---------------+----+-----
Stealth        | 3 |  3.2
Dodging        | |  2.4
Spellcasting   | |  2.1
Ice Magic      | |  4.0

Action                     || total
---------------------------++-------
  Melee: Unarmed           ||    15
         Short sword       ||     2
   Cast: Freeze            ||     7
 Armour: Robe              ||     7
  Dodge: Dodged            ||    20

Table legend: (Time is in decaauts)
 A = Elapsed time spent in this place.
 B = Non-inter-level travel time spent in this place.
 C = Inter-level travel time spent in this place.
 D = Time resting spent in this place.
 E = Time spent auto-exploring this place.
 F = Levels seen in this place.
 G = Mean time per level.
                   A        B        C        D        E       F      G
               +--------+--------+--------+--------+--------+-----+--------+
         Total |    121 |    121 |      0 |      0 |     62 |   1 |  121.0 |
       Dungeon |    121 |    121 |      0 |      0 |     62 |   1 |  121.0 |
               +--------+--------+--------+--------+--------+-----+--------+

Top non-repeatable levels by time:
     D:1: 121 daAuts
